 Dungeon Crawl Stone Soup version 0.27.1-3-gb3d3a73c9e (webtiles) character file.

Game seed: 12463973471195047159

147 CuBeRJAN3 the Magician (level 5, 0/30 HPs)
             Began as a Deep Elf Fire Elementalist on Oct 7, 2021.
             Was an Initiate of Vehumet.
             Slain by a wyvern (16 damage)
             ... on level 5 of the Dungeon.
             The game lasted 00:12:21 (4155 turns).

CuBeRJAN3 the Magician (Deep Elf Fire Elementalist) Turns: 4155, Time: 00:12:22

Health: 0/30       AC:  3    Str:  5    XL:     5   Next: 8%
Magic:  13/13      EV: 12    Int: 21    God:    Vehumet [......]
Gold:   180        SH:  0    Dex: 15    Spells: 1/12 levels left

rFire    . . .     SeeInvis .   h - +1 dagger (protect)
rCold    . . .     Faith    .   (no shield)
rNeg     . . .     Spirit   .   a - +0 robe
rPois    .         Reflect  .   c - +0 hat
rElec    .         Harm     .   l - +0 cloak
rCorr    .         Rampage  .   (no gloves)
Will     .....                  (no boots)
Stlth    ++........             (no amulet)
HPRegen  0.10/turn              (no ring)
MPRegen  0.13/turn              (no ring)

@: no status effects
A: no striking features
a: Renounce Religion


You were on level 5 of the Dungeon.
You worshipped Vehumet.
Vehumet was noncommittal.
You visited 1 branch of the dungeon, and saw 5 of its levels.

You collected 180 gold pieces.

Inventory:

Hand Weapons
 h - a +1 dagger of protection (weapon)
Armour
 a - a +0 robe (worn)
 c - a +0 hat (worn)
 l - a +0 cloak (worn)
Scrolls
 b - 4 scrolls of teleportation
 e - 3 scrolls of enchant weapon
 i - a scroll of brand weapon {unknown}
 j - a scroll of amnesia {unknown}
 k - a scroll of immolation {unknown}
Potions
 d - 3 potions of heal wounds {unknown}
 f - 2 potions of haste
 g - a potion of invisibility {unknown}
 m - a potion of mutation {unknown}
 n - a potion of lignification {unknown}


   Skills:
 * Level 1.8 Fighting
 - Level 2.4 Dodging
 + Level 3.3 Stealth
 * Level 4.3 Spellcasting
 + Level 2.0 Conjurations
 + Level 2.0 Hexes
 + Level 3.7 Fire Magic


You had one spell level left.
You knew the following spells:

 Your Spells              Type           Power      Damage    Failure   Level
a - Foxfire               Conj/Fire      64%        2x1d7     3%          1
b - Conjure Flame         Conj/Fire      16%        6-21      11%         3
c - Inner Flame           Hex/Fire       16%        N/A       11%         3
d - Sticky Flame          Conj/Fire      16%        2d4       34%         4

Your spell library contained the following spells:

 Spells                   Type           Power      Damage    Failure   Level
 Fireball                 Conj/Fire      8%         3d6       67%         5
 Animate Dead             Necr           2%         N/A       75%         4
 Borgnjor's Vile Clutch   Necr/Erth      2%         N/A       97%         5
 Death Channel            Necr           2%         N/A       100%        6


Dungeon Overview and Level Annotations

Branches:
Dungeon (5/15)
 Temple: D:4-7

Altars:
Dithmenos
Elyvilon
Vehumet
Xom

Shops:
D:1 :

Annotations:
D:3 Menkaure


Message History

The ogre shouts!
Casting: Foxfire (safe; 3% risk of failure)
Confirm with . or Enter, or press ? or * to list all spells.
The spell is quite dangerous to cast (11% risk of failure)!
Continue anyway?
You miscast Conjure Flame.
You are very lightly contaminated with residual magic.
Nothing appears to happen.
A bullfrog skeleton comes into view.
The bullfrog skeleton moves out of view.
Found a blackened copper wand.
Your magical contamination has completely faded away.
You see here a wand of flame (21).
You hit the bullfrog skeleton.
Your weapon exudes an aura of protection.
The bullfrog skeleton is lightly damaged.
The bullfrog skeleton hits you.
As you read the scroll of teleportation, it crumbles to dust.
You feel strangely unstable. The bullfrog skeleton misses you.
The ogre barely misses you.
The bullfrog skeleton closely misses you. x2
Found an escape hatch in the ceiling.
Your surroundings suddenly seem different.
A wyvern comes into view.
Found a scroll of teleportation.
You see here a scroll of teleportation.
b - 5 scrolls of teleportation (gained 1) 2 gnolls come into view.
Found a sedimented silvery potion.
You see here a sedimented silvery potion.
n - a sedimented silvery potion The wyvern hisses angrily.
As you read the scroll of teleportation, it crumbles to dust.
You feel strangely unstable. The wyvern barely misses you.
The wyvern bites you.
Your surroundings seem slightly different.
The wyvern bites you! The wyvern barely misses you. The wyvern bites you!
Ouch! That really hurt!
You die...

##########
.........#
.........#
..^....l.#
........@#
g............ยง#
g.............#
#.............#
#.............#
#.............#
#.............#
#.............#
#.............#


You could see a wyvern.

Vanquished Creatures
  A jelly (D:3)
  An orc wizard (D:3)
  3 adders
  An adder skeleton (D:4)
  2 worms
  A dart slug (D:3)
  10 orcs
  4 ball pythons
  3 bats
  4 endoplasms
  2 giant cockroaches (D:1)
  2 goblins
  3 hobgoblins
  2 quokkas
  A frilled lizard (D:2)
  3 kobolds
  4 rats
47 creatures vanquished.

Vanquished Creatures (others)
  170 foxfires
170 creatures vanquished.

Grand Total: 217 creatures vanquished

Notes
Turn   | Place    | Note
-------+----------+-------------------------------------------
     0 | D:1      | CuBeRJAN3 the Deep Elf Fire Elementalist began the quest
                  | for the Orb.
     0 | D:1      | Reached XP level 1. HP: 10/10 MP: 6/6
   211 | D:1      | Found Toxuabur's Book Shop.
   270 | D:1      | Reached XP level 2. HP: 16/16 MP: 6/8
   868 | D:2      | Found a faded altar of an unknown god.
  1077 | D:2      | Reached skill level 1 in Hexes
  1478 | D:3      | Reached XP level 3. HP: 20/20 MP: 6/10
  1587 | D:2      | Learned a level 3 spell: Conjure Flame
  1591 | D:2      | Learned a level 3 spell: Inner Flame
  1709 | D:3      | Reached skill level 1 in Fighting
  1768 | D:3      | Reached XP level 4. HP: 25/25 MP: 7/11
  1855 | D:3      | Reached skill level 4 in Spellcasting
  2397 | D:3      | Found a radiant altar of Vehumet.
  2398 | D:3      | Found a white marble altar of Elyvilon.
  2400 | D:3      | Became a worshipper of Vehumet
  2403 | D:3      | Found a shimmering altar of Xom.
  2404 | D:3      | Found a shadowy altar of Dithmenos.
  2609 | D:3      | Learned a level 4 spell: Sticky Flame
  2765 | D:4      | Noticed Menkaure
  3887 | D:4      | Reached XP level 5. HP: 30/30 MP: 9/13
  4106 | D:5      | Entered Level 5 of the Dungeon
  4106 | D:5      | Noticed an ogre
  4127 | D:5      | Noticed a wyvern
  4155 | D:5      | Slain by a wyvern

Illustrated notes

Levels and vault maps discovered:
D:1:      amcnicky_arrival_blooded_trapdoor, layout_basic, serial_shops,
          nicolae_shop_crystal
D:2:      layout_basic, shapermc_ecumenical_altar_mp_highgroup
D:3:      layout_loops_ring, minitemple, small_statue_intersection
D:4:      layout_basic, mrwooster_statue_mirror, uniq_menkaure
D:5:      layout_basic, minmay_temple_entry_mist, uniq_blork_the_orc

Skill      XL: |  1  2  3  4  5 |
---------------+----------------+-----
Hexes          | 1 2 |  2.0
Fighting       | 1 |  1.8
Stealth        | 3 |  3.3
Spellcasting   | 4 |  4.3
Conjurations   | 2 |  2.0
Dodging        | |  2.4
Fire Magic     | |  3.7

Action                   |  1- 3 |  4- 6 || total
-------------------------+-------+-------++-------
Melee: Dagger            |     1 |     1 ||     2
 Cast: Foxfire           |    54 |    50 ||   104
       Conjure Flame     |       |     1 ||     1
  Use: Scroll            |     2 |     5 ||     7
Armor: Robe              |     1 |     1 ||     2
Dodge: Dodged            |    12 |    16 ||    28
